 Dungeon Crawl Stone Soup version 0.30-a0-996-ga6910c8ee8 (webtiles) character file.

Game seed: 1173398298537425372

1691 ryw the Firebug (level 8, -18/46 HPs)
             Began as a Deep Elf Fire Elementalist on Apr 4, 2023.
             Killed from afar by a steam dragon (27 damage)
             ... with a ball of steam
             ... on level 6 of the Dungeon.
             The game lasted 00:18:58 (7290 turns).

ryw the Firebug (Deep Elf Fire Elementalist)        Turns: 7290, Time: 00:18:59

Health: -18/46     AC:  6    Str:  5    XL:     8   Next: 72%
Magic:  10/17      EV: 14    Int: 23    God:
Gold:   302        SH:  5    Dex: 15    Spells: 11/17 levels left

rFire   . . .      SeeInvis .    h - +2 short sword (flame)
rCold   . . .      Faith    .    (no shield)
rNeg    . . .      Spirit   .    a - +0 robe
rPois   .          Reflect  +    (no helmet)
rElec   .          Rampage  .    (no cloak)
rCorr   .                        (no gloves)
Will    .....                    (no boots)
Stlth   ++                       n - amulet of reflection
HPRegen 0.27/turn                y - +4 ring of protection
MPRegen 0.15/turn                (no ring)

@: no status effects
A: no striking features
a: no special abilities


You were on level 6 of the Dungeon.
You visited 2 branches of the dungeon, and saw 7 of its levels.

You collected 302 gold pieces.

Inventory:

Hand Weapons
 h - a +2 short sword of flaming (weapon)
 k - a +3 dagger of protection
 r - a +2 dagger of speed
Missiles
 g - 8 poisoned darts
Armour
 a - a +0 robe (worn)
 l - a +1 leather armour of poison resistance
 m - a +0 buckler
Jewellery
 n - an amulet of reflection (around neck)
 y - a +4 ring of protection (left hand)
Scrolls
 o - a scroll of fear
 s - 2 scrolls of magic mapping
 u - 3 scrolls of teleportation
 v - a scroll of amnesia
 x - a scroll of brand weapon
Potions
 b - a potion of magic
 c - 2 potions of heal wounds
 d - a potion of cancellation {unknown}
 e - a potion of might
 f - 2 potions of brilliance
 i - 2 potions of resistance {unknown}
 j - 2 potions of curing
 t - a potion of lignification {unknown}
 w - 2 potions of degeneration


   Skills:
 - Level 3.0 Fighting
 - Level 5.0 Dodging
 - Level 2.4 Stealth
 - Level 5.0 Spellcasting
 + Level 7.3 Conjurations
 + Level 7.8 Fire Magic


You had 11 spell levels left.
You knew the following spells:

 Your Spells              Type           Power      Damage    Failure   Level
a - Foxfire               Conj/Fire      100%       2x1d9     1%          1
b - Scorch                Fire           82%        2d9       1%          2
c - Kindle Blastsparks    Fire/Tloc/Air  34%        2d12      10%         3

Your spell library contained the following spells:

 Spells                   Type           Power      Damage    Failure   Level
 Flame Wave               Conj/Fire      40%        2d11      4%          4
 Inner Flame              Hex/Fire       23%        N/A       5%          3
 Frozen Ramparts          Ice            10%        1d2       28%         3
 Ice Form                 Ice/Tmut       5%         N/A       67%         4
 Summon Ice Beast         Ice/Summ       5%         N/A       67%         4


Dungeon Overview and Level Annotations

Branches:
Dungeon (6/15)             Temple (1/1) D:4

Altars:
Cheibriados
Dithmenos
Elyvilon
Fedhas
Gozag
Hepliaklqana
Kikubaaqudgha
Makhleb
Okawaru
Ru
Uskayaw
Wu Jian
Yredelemnul
Zin
The Shining One

Shops:
D:1 ?   D:3 :   D:5 :


Message History

A jelly comes into view.
Found a glowing cloak.
Casting: Foxfire (safe; 1% risk of failure)
Confirm with . or Enter, or press ? or * to list all spells.
A cloud of volatile blastsparks flares up around you!
The steam dragon breathes steam at you. The ball of steam hits you!
You are engulfed in a cloud of scalding steam.
The cloud of blastsparks explodes!
The concussive blast engulfs the steam dragon!
The steam dragon is moderately wounded.
Casting: Kindle Blastsparks (dangerous; 10% risk of failure)
Confirm with . or Enter, or press ? or * to list all spells.
You conjure some foxfire!
You are engulfed in a cloud of scalding steam.
The foxfire hits the steam dragon.
The steam dragon is heavily wounded.
Casting: Foxfire (safe; 1% risk of failure)
Confirm with . or Enter, or press ? or * to list all spells.
Flames lash the steam dragon.
The steam dragon is almost dead.
The steam dragon's fire resistance burns away.
The foxfire hits the steam dragon but does no damage.
The steam dragon is almost dead.
Casting: Scorch (safe; 1% risk of failure)
Confirm with . or Enter, or press ? or * to list all spells.
You conjure some foxfire!
The steam dragon bites you!
* * * LOW HITPOINT WARNING * * *
The steam dragon closely misses you.
Casting: Foxfire (safe; 1% risk of failure)
Confirm with . or Enter, or press ? or * to list all spells.
You conjure some foxfire!
The foxfire hits the steam dragon but does no damage.
The steam dragon is almost dead.
The foxfire hits the steam dragon.
The steam dragon is almost dead.
The steam dragon breathes steam at you. The ball of steam hits you!!
Ouch! That really hurt!
You die...

.........# #######'######
#...###.###..## ..............#
..............# ..............#
..............#
##.).###########################
##..)##########v@..............##
.....).).......vD...............#
.......#........J............<..#
####..###...#.##'#####+###.....##
####..###.######.. ###+###
...........# .... ...........#
..... ...........# #.....[
...........# #.......


You could see a steam dragon (catching breath, combustible, ally target) and a
jelly.

Vanquished Creatures
  A water moccasin (D:5)
  2 black bears
  An ogre (D:6)
  An ice beast (D:6)
  A centaur (D:5)
  A phantom (D:4)
  4 scorpions
  A bullfrog (D:6)
  A water moccasin zombie (D:5)
  3 bullfrog zombies (D:5)
  A centaur zombie (D:5)
  A jelly (D:5)
  An orc priest (D:3)
  4 hounds
  A gnoll bouda (D:6)
  Jessica (D:3)
  2 iguanas
  Terence (D:2)
  Natasha (D:3)
  An orc wizard (D:3)
  7 gnolls
  6 adders
  A shadow imp (D:6)
  An ufetubus (D:5)
  A worm (D:3)
  3 dart slugs
  20 orcs
  13 endoplasms
  A giant cockroach (D:4)
  4 goblins
  4 hobgoblins
  6 jackals
  9 kobolds
  10 ball pythons
  2 bats (D:2)
  2 frilled lizards
  3 rats
123 creatures vanquished.

Vanquished Creatures (others)
  548 foxfires
548 creatures vanquished.

Grand Total: 671 creatures vanquished

Notes
Turn   | Place    | Note
-------+----------+-------------------------------------------
     0 | D:1      | ryw the Deep Elf Fire Elementalist began the quest for the
                  | Orb.
     0 | D:1      | Reached XP level 1. HP: 10/10 MP: 6/6
   264 | D:1      | Reached XP level 2. HP: 9/15 MP: 0/8
   713 | D:1      | Found Wenoa's Magic Scroll Shoppe.
   813 | D:1      | Reached XP level 3. HP: 20/20 MP: 6/9
   851 | D:1      | Learned a level 2 spell: Scorch
  1213 | D:2      | Noticed Terence
  1223 | D:2      | Killed Terence
  1224 | D:2      | Reached skill level 1 in Fighting
  1301 | D:2      | Reached XP level 4. HP: 25/25 MP: 7/11
  1466 | D:2      | Found the +0 toga "Victory" {*Victory Clar}
  2417 | D:3      | Reached XP level 5. HP: 29/29 MP: 8/13
  2496 | D:3      | Noticed Natasha
  2508 | D:3      | Killed Natasha
  2554 | D:3      | Found Aseg's Vocational Training.
  2615 | D:3      | Found a hide-covered altar of Uskayaw.
  2617 | D:3      | Found an ancient bone altar of Kikubaaqudgha.
  2691 | D:3      | Noticed Jessica
  2699 | D:3      | Killed Jessica
  3118 | D:3      | Reached XP level 6. HP: 26/35 MP: 3/15
  3582 | D:4      | You fall into a shaft and drop 2 floors!
  3633 | D:6      | Noticed an ice beast
  3955 | D:6      | Reached skill level 5 in Spellcasting
  4223 | D:5      | Entered Level 5 of the Dungeon
  4232 | D:5      | Identified the +0 robe "Ifymulit" {rN++ Int-4}
  4417 | D:4      | Reached skill level 5 in Fire Magic
  4417 | D:4      | Reached XP level 7. HP: 30/40 MP: 5/16
  4990 | D:4      | Found a staircase to the Ecumenical Temple.
  5296 | D:4      | Reached skill level 5 in Dodging
  5438 | Temple   | Entered the Ecumenical Temple
  5663 | D:5      | Reached skill level 5 in Conjurations
  5706 | D:5      | Reached XP level 8. HP: 43/46 MP: 7/17
  6068 | D:5      | Found a basalt altar of Yredelemnul.
  6269 | D:5      | Found Momalot's Book Shoppe.
  7243 | D:6      | Learned a level 3 spell: Kindle Blastsparks
  7290 | D:6      | Killed from afar by a steam dragon

Illustrated notes

Levels and vault maps discovered:
D:1:      lightli_arrival_maybe_door_vault, layout_loops_cross, serial_shops,
          shop
D:2:      layout_rooms, dreamdust_princess_bridge, uniq_terence
D:3:      layout_basic, nicolae_overflow_hidden_temple, kennysheep_flooded_box,
          nicolae_shop_vocational, uniq_jessica, uniq_natasha
D:4:      layout_cave_pods, minmay_temple_entry_purple_smoke, wad_orctagon
D:5:      layout_basic, nicolae_yredelemnul_corpse_copse,
          serial_co_window_serial, co_window_corner_a,
          co_window_of_opportunity_a, co_window_corner_a, co_window_paths_a,
          co_window_cross_1, co_window_paths_a, co_window_paths_a,
          co_window_paths_c, co_window_2corner, co_window_unsneaky_path_e,
          co_window_2corner, co_window_corner_b, glass_columns_c,
          glass_columns_c, serial_shops, nicolae_diamond_shop,
          kennysheep_generic_room_13
D:6:      layout_gridville
Temple:   nicolae_temple_no_exploring_needed

Skill      XL: |  1  2  3  4  5  6  7  8 |
---------------+-------------------------+-----
Fighting       | 1 2 3 |  3.0
Dodging        | 3 4 5 |  5.0
Conjurations   | 2 3 5 7 |  7.3
Spellcasting   | 4 5 |  5.0
Fire Magic     | 4 5 6 7 |  7.8
Stealth        | |  2.4

Action                     |  1- 3 |  4- 6 |  7- 9 || total
---------------------------+-------+-------+-------++-------
  Melee: Spear             |     1 |       |       ||     1
         Short sword       |     1 |     3 |     2 ||     6
   Cast: Foxfire           |    66 |   165 |   105 ||   336
         Scorch            |       |     8 |    20 ||    28
         Kindle Blastspark |       |       |     1 ||     1
    Use: Scroll            |       |     9 |     5 ||    14
         Potion            |       |       |     1 ||     1
 Armour: Robe              |     2 |       |     2 ||     4
  Dodge: Dodged            |     8 |    19 |    31 ||    58
  Block: Other             |       |     3 |     6 ||     9
         Reflection        |       |       |     1 ||     1

Table legend: (Time is in decaauts)
 A = Elapsed time spent in this place.
 B = Non-inter-level travel time spent in this place.
 C = Inter-level travel time spent in this place.
 D = Time resting spent in this place.
 E = Time spent auto-exploring this place.
 F = Levels seen in this place.
 G = Mean time per level.
                   A        B        C        D        E       F      G
               +--------+--------+--------+--------+--------+-----+--------+
         Total |   7286 |   7007 |    279 |   1982 |   3870 |   7 | 1040.9 |
       Dungeon |   7284 |   7005 |    279 |   1982 |   3870 |   6 | 1214.0 |
        Temple |      1 |      1 |      0 |      0 |      0 |   1 |    1.0 |
               +--------+--------+--------+--------+--------+-----+--------+

Top non-repeatable levels by time:
     D:5: 1705 daAuts
     D:4: 1382 daAuts
     D:3: 1280 daAuts
     D:1: 1206 daAuts
     D:2: 940 daAuts
     D:6: 769 daAuts
  Temple: 1 daAuts
